TOP OF THE 1ST |
Billings Polar Bears batting - Pitching for Ottawa Nationals : LHP Jason Schneider
|
Pitching: LHP Jason Schneider
|
|
Batting: RHB Calvin Shreve
|
0-0: Fly out, F7 (Flyball, 78M)
|
Batting: RHB António Canales
|
0-0: Ball 1-0: Ball 2-0: Foul Ball, location: 2F 2-1: Ball 3-1: Base on Balls
|
Batting: LHB Armando Reyes
|
0-0: Ball 1-0: Ball António Canales is caught stealing 2nd base 2-0: Ground out U3 (Groundball, 3S)
|
Top of the 1st over - 0 runs, 0 hits, 0 errors, 0 left on base; Billings 0 - Ottawa 0 |
BOTTOM OF THE 1ST |
Ottawa Nationals batting - Pitching for Billings Polar Bears : RHP Salvador López
|
Pitching: RHP Salvador López
|
|
Batting: LHB Alan Shaw
|
0-0: Foul Ball, location: 2F 0-1: Called Strike 0-2: Strikes out swinging
|
Batting: RHB Vincente Fuentes
|
0-0: Called Strike 0-1: Ball 1-1: Fly out, F8 (Flyball, 8RD)
|
Batting: RHB Jon Hounshell
|
0-0: Ball 1-0: Called Strike 1-1: Swinging Strike 1-2: Ball 2-2: Strikes out swinging
|
Bottom of the 1st over - 0 runs, 0 hits, 0 errors, 0 left on base; Billings 0 - Ottawa 0 |
TOP OF THE 2ND |
Billings Polar Bears batting - Pitching for Ottawa Nationals : LHP Jason Schneider
|
Batting: RHB Arturo Maldonado
|
0-0: Ball 1-0: Fly out, F8 (Flyball, 89M)
|
Batting: RHB Juan Rico
|
0-0: Called Strike 0-1: Called Strike 0-2: Strikes out looking
|
Batting: LHB Mike Goff
|
0-0: SINGLE (Groundball, 4MD)
|
Batting: RHB Nathan Landrum
|
0-0: Ball 1-0: Fielders Choice at 2nd, 6-4 (Groundball, 6)
|
Top of the 2nd over - 0 runs, 1 hit, 0 errors, 1 left on base; Billings 0 - Ottawa 0 |
BOTTOM OF THE 2ND |
Ottawa Nationals batting - Pitching for Billings Polar Bears : RHP Salvador López
|
Batting: LHB Scot Willis
|
0-0: Swinging Strike 0-1: Foul Ball, location: 2F 0-2: Ball 1-2: Strikes out swinging
|
Batting: RHB Mike Jennings
|
0-0: Called Strike 0-1: Ball 1-1: Ball 2-1: Ball 3-1: Swinging Strike 3-2: Foul Ball, location: 2F 3-2: Base on Balls
|
Batting: RHB Alejandro Serrato
|
0-0: Ball 1-0: Foul Ball, location: 2F 1-1: Foul Ball, location: 2F 1-2: Ball 2-2: Ball 3-2: Foul Ball, location: 2F 3-2: Foul Ball, location: 2F 3-2: Foul Ball, location: 2F 3-2: Foul Ball, location: 2F 3-2: Strikes out looking
|
Batting: LHB Walt Lathon
|
0-0: Ball 1-0: Foul Ball, location: 2F 1-1: SINGLE (Groundball, 4MD) Mike Jennings to second
|
Batting: RHB Juan Román
|
0-0: Foul Ball, location: 2F 0-1: DOUBLE (Groundball, 5L) Mike Jennings scores Walt Lathon to third Runner from 3rd tries for Home, SAFE, no throw
|
Batting: RHB Ernest Daniels
|
0-0: Called Strike 0-1: Swinging Strike 0-2: Hit by Pitch
|
Batting: LHB Alan Shaw
|
0-0: Ball 1-0: Ball 2-0: Called Strike 2-1: Called Strike 2-2: Strikes out looking
|
Bottom of the 2nd over - 2 runs, 2 hits, 0 errors, 2 left on base; Billings 0 - Ottawa 2 |
TOP OF THE 3RD |
Billings Polar Bears batting - Pitching for Ottawa Nationals : LHP Jason Schneider
|
Batting: RHB Corey Dudding
|
0-0: Called Strike 0-1: Ground out U3 (Groundball, 34)
|
Batting: LHB Steve Sconiers
|
0-0: Ball 1-0: Ground out 4-3 (Groundball, 4)
|
Batting: RHB Calvin Shreve
|
0-0: Called Strike 0-1: Ball 1-1: Foul Ball, location: 2F 1-2: Ball 2-2: Strikes out swinging
|
Top of the 3rd over - 0 runs, 0 hits, 0 errors, 0 left on base; Billings 0 - Ottawa 2 |
BOTTOM OF THE 3RD |
Ottawa Nationals batting - Pitching for Billings Polar Bears : RHP Salvador López
|
Batting: RHB Vincente Fuentes
|
0-0: Ball 1-0: Called Strike 1-1: Ball 2-1: Swinging Strike 2-2: Strikes out swinging
|
Batting: RHB Jon Hounshell
|
0-0: Ball 1-0: Ball 2-0: Foul Ball, location: 2F 2-1: Ball 3-1: Foul Ball, location: 2F 3-2: Ground out 6-3 (Groundball, 6)
|
Batting: LHB Scot Willis
|
0-0: Called Strike 0-1: Foul Ball, location: 2F 0-2: Ball 1-2: Ball 2-2: Ball 3-2: Base on Balls
|
Batting: RHB Mike Jennings
|
0-0: SINGLE (Groundball, 6D) Scot Willis to second
|
Batting: RHB Alejandro Serrato
|
0-0: Called Strike 0-1: Foul Ball, location: 2F 0-2: Ball 1-2: Strikes out swinging
|
Bottom of the 3rd over - 0 runs, 1 hit, 0 errors, 2 left on base; Billings 0 - Ottawa 2 |
TOP OF THE 4TH |
Billings Polar Bears batting - Pitching for Ottawa Nationals : LHP Jason Schneider
|
Batting: RHB António Canales
|
0-0: Ball 1-0: Foul Ball, location: 2F 1-1: Ball 2-1: Ground out 4-3 (Groundball, 4S)
|
Batting: LHB Armando Reyes
|
0-0: Ball 1-0: Foul Ball, location: 2F 1-1: Foul Ball, location: 2F 1-2: Foul Ball, location: 2F 1-2: Foul Ball, location: 2F 1-2: SINGLE (Line Drive, 9S)
|
Batting: RHB Arturo Maldonado
|
0-0: Ball 1-0: Ball 2-0: Ball 3-0: Base on Balls Armando Reyes to second
|
Batting: RHB Juan Rico
|
0-0: Ball 1-0: Called Strike 1-1: Swinging Strike 1-2: Ball 2-2: SINGLE (Line Drive, 7S) Armando Reyes to third Arturo Maldonado to second Runner from 3rd tries for Home, SAFE, no throw
|
Batting: LHB Mike Goff
|
0-0: Called Strike 0-1: Fly out, F3 (Line Drive, 3L)
|
Batting: RHB Nathan Landrum
|
0-0: Called Strike 0-1: Ball 1-1: Ball 2-1: Ball 3-1: SINGLE (Groundball, 56D) Arturo Maldonado to third Juan Rico to second Runner from 3rd tries for Home, SAFE, no throw
|
Batting: RHB Corey Dudding
|
0-0: Foul Ball, location: 2F 0-1: Ball 1-1: Foul Ball, location: 2F 1-2: Fly out, F9 (Flyball, 89M)
|
Top of the 4th over - 2 runs, 3 hits, 0 errors, 2 left on base; Billings 2 - Ottawa 2 |
BOTTOM OF THE 4TH |
Ottawa Nationals batting - Pitching for Billings Polar Bears : RHP Salvador López
|
Batting: LHB Walt Lathon
|
0-0: Ball 1-0: Foul Ball, location: 2F 1-1: Foul Ball, location: 2F 1-2: Foul Ball, location: 2F 1-2: Ball 2-2: Ground out 5-3 (Groundball, 15S)
|
Batting: RHB Juan Román
|
0-0: Ball 1-0: Swinging Strike 1-1: Called Strike 1-2: Strikes out swinging
|
Batting: RHB Ernest Daniels
|
0-0: Called Strike 0-1: Ball 1-1: Swinging Strike 1-2: Ball 2-2: Ball 3-2: SINGLE (Line Drive, 6D)
|
Batting: LHB Alan Shaw
|
0-0: Ball 1-0: Ground out U3 (Groundball, 3)
|
Bottom of the 4th over - 0 runs, 1 hit, 0 errors, 1 left on base; Billings 2 - Ottawa 2 |
TOP OF THE 5TH |
Billings Polar Bears batting - Pitching for Ottawa Nationals : LHP Jason Schneider
|
Batting: LHB Steve Sconiers
|
0-0: Foul Ball, location: 2F 0-1: Foul Ball, location: 2F 0-2: Strikes out swinging
|
Batting: RHB Calvin Shreve
|
0-0: Swinging Strike 0-1: Called Strike 0-2: Strikes out swinging
|
Batting: RHB António Canales
|
0-0: Ball 1-0: Foul Ball, location: 2F 1-1: Fly out, F7 (Line Drive, 7D)
|
Top of the 5th over - 0 runs, 0 hits, 0 errors, 0 left on base; Billings 2 - Ottawa 2 |
BOTTOM OF THE 5TH |
Ottawa Nationals batting - Pitching for Billings Polar Bears : RHP Salvador López
|
Pitching: LHP Ramón García
|
|
Batting: RHB Vincente Fuentes
|
0-0: Ball 1-0: Ball 2-0: Fly out, F8 (Flyball, 8RD)
|
Batting: RHB Jon Hounshell
|
0-0: Swinging Strike 0-1: Foul Ball, location: 2F 0-2: Ball 1-2: Fly out, F9 (Flyball, 89M)
|
Batting: LHB Scot Willis
|
0-0: SINGLE (Flyball, 9S)
|
Batting: RHB Mike Jennings
|
0-0: Ball 1-0: Foul Ball, location: 2F 1-1: Ball 2-1: Ball 3-1: Fly out, F4 (Flyball, 6MD)
|
Bottom of the 5th over - 0 runs, 1 hit, 0 errors, 1 left on base; Billings 2 - Ottawa 2 |
TOP OF THE 6TH |
Billings Polar Bears batting - Pitching for Ottawa Nationals : LHP Jason Schneider
|
Batting: LHB Armando Reyes
|
0-0: Ball 1-0: Foul Ball, location: 2F 1-1: Swinging Strike 1-2: Ball 2-2: Foul Ball, location: 2F 2-2: Ball 3-2: Strikes out swinging, 2-3 out at first.
|
Batting: RHB Arturo Maldonado
|
0-0: Called Strike 0-1: Foul Ball, location: 2F 0-2: Ball 1-2: Ball 2-2: Ball 3-2: Base on Balls
|
Pitching: RHP Ron Burgundy
|
|
Batting: RHB Juan Rico
|
0-0: Called Strike Arturo Maldonado steals 2nd base 0-1: Ball 1-1: Swinging Strike 1-2: Ball 2-2: Strikes out looking
|
Batting: LHB Mike Goff
|
0-0: Ball 1-0: Called Strike 1-1: Swinging Strike 1-2: Ground out 1-3 (Groundball, P)
|
Top of the 6th over - 0 runs, 0 hits, 0 errors, 1 left on base; Billings 2 - Ottawa 2 |
BOTTOM OF THE 6TH |
Ottawa Nationals batting - Pitching for Billings Polar Bears : LHP Ramón García
|
Batting: RHB Alejandro Serrato
|
0-0: Ball 1-0: Fly out, F8 (Flyball, 8LS)
|
Batting: LHB Walt Lathon
|
0-0: Ball 1-0: Fly out, F7 (Flyball, 7)
|
Batting: RHB Juan Román
|
0-0: Foul Ball, location: 2F 0-1: Ground out 5-3 (Groundball, 56S)
|
Bottom of the 6th over - 0 runs, 0 hits, 0 errors, 0 left on base; Billings 2 - Ottawa 2 |
TOP OF THE 7TH |
Billings Polar Bears batting - Pitching for Ottawa Nationals : RHP Ron Burgundy
|
Pinch Hitting: RHB Pedro Morales
|
0-0: Ball 1-0: Ball 2-0: Called Strike 2-1: Ball 3-1: Swinging Strike 3-2: Foul Ball, location: 2F 3-2: Base on Balls
|
Pinch Hitting: RHB Travis Newsome
|
0-0: Ball 1-0: Called Strike 1-1: Called Strike 1-2: Foul Ball, location: 2F 1-2: Ball 2-2: Foul Ball, location: 2F 2-2: Fielders Choice at 2nd, 5-4 (Groundball, 56)
|
Pinch Hitting: LHB Chris Hill
|
0-0: Foul Ball, location: 2F 0-1: Ball 1-1: Foul Ball, location: 2F 1-2: Ball Travis Newsome steals 2nd base 2-2: Ground out 5-3 (Groundball, 56)
|
Pinch Hitting: RHB José Cruz
|
0-0: Called Strike 0-1: Ball 1-1: Ball 2-1: Ball 3-1: Base on Balls
|
Batting: RHB António Canales
|
0-0: Called Strike 0-1: Ball 1-1: Ball 2-1: Ball 3-1: Base on Balls Travis Newsome to third José Cruz to second
|
Batting: LHB Armando Reyes
|
0-0: Ball 1-0: Ball 2-0: Ball 3-0: Called Strike 3-1: Ground out U3 (Groundball, 3)
|
Top of the 7th over - 0 runs, 0 hits, 0 errors, 3 left on base; Billings 2 - Ottawa 2 |
BOTTOM OF THE 7TH |
Ottawa Nationals batting - Pitching for Billings Polar Bears : LHP Ramón García
|
Now at 1B: Chris Hill
|
|
Now at 2B: Travis Newsome
|
|
Now at SS: Dale Blair
|
|
Now in CF: Pedro Morales
|
|
Batting: RHB Ernest Daniels
|
0-0: Fly out, F7 (Flyball, 7S)
|
Pinch Hitting: RHB Bartho Simonse
|
0-0: Ball 1-0: Called Strike 1-1: SINGLE (Groundball, 4D)
|
Pinch Runner at 1st José García:
|
|
Batting: RHB Vincente Fuentes
|
0-0: Ball 1-0: Ball 2-0: Called Strike 2-1: SINGLE (Line Drive, 4D) José García to second
|
Batting: RHB Jon Hounshell
|
0-0: 3-RUN HOME RUN (Flyball, 7D), Distance : 375 ft
|
Pitching: RHP Juan Sánchez
|
|
Batting: LHB Scot Willis
|
0-0: Ball 1-0: Ball 2-0: Swinging Strike 2-1: Swinging Strike 2-2: Strikes out swinging
|
Batting: RHB Mike Jennings
|
0-0: Ground out 4-3 (Groundball, 4M)
|
Bottom of the 7th over - 3 runs, 3 hits, 0 errors, 0 left on base; Billings 2 - Ottawa 5 |
TOP OF THE 8TH |
Billings Polar Bears batting - Pitching for Ottawa Nationals : RHP Ron Burgundy
|
Now in RF: José García
|
|
Batting: RHB Arturo Maldonado
|
0-0: Ball 1-0: Called Strike 1-1: Fly out, F3 (Line Drive, 34)
|
Batting: RHB Juan Rico
|
0-0: Ball 1-0: Ball 2-0: Called Strike 2-1: Ground out 6-3 (Groundball, 6)
|
Batting: LHB Mike Goff
|
0-0: Ball 1-0: Called Strike 1-1: Ball 2-1: Foul Ball, location: 2F 2-2: Foul Ball, location: 2F 2-2: DOUBLE (Flyball, 8RXD)
|
Pitching: RHP Martín García
|
|
Batting: RHB Pedro Morales
|
0-0: Called Strike 0-1: Ball 1-1: Ball 2-1: Called Strike 2-2: Fly out, F9 (Flyball, 9S)
|
Top of the 8th over - 0 runs, 1 hit, 0 errors, 1 left on base; Billings 2 - Ottawa 5 |
BOTTOM OF THE 8TH |
Ottawa Nationals batting - Pitching for Billings Polar Bears : RHP Juan Sánchez
|
Batting: RHB Alejandro Serrato
|
0-0: Ball 1-0: Fly out, F6 (Line Drive, 6)
|
Batting: LHB Walt Lathon
|
0-0: Foul Ball, location: 2F 0-1: Fly out, F5 (Line Drive, 56)
|
Batting: RHB Juan Román
|
0-0: Ball 1-0: Called Strike 1-1: Fly out, F3 (Line Drive, 3)
|
Bottom of the 8th over - 0 runs, 0 hits, 0 errors, 0 left on base; Billings 2 - Ottawa 5 |
TOP OF THE 9TH |
Billings Polar Bears batting - Pitching for Ottawa Nationals : RHP Martín García
|
Pitching: RHP Ed Maresh
|
|
Batting: RHB Travis Newsome
|
0-0: Foul Ball, location: 2F 0-1: Ball 1-1: Called Strike 1-2: Ball 2-2: Strikes out swinging
|
Batting: LHB Chris Hill
|
0-0: Ball 1-0: Ground out 4-3 (Groundball, 4M)
|
Batting: RHB Dale Blair
|
0-0: Ball 1-0: Called Strike 1-1: Foul Ball, location: 2F 1-2: Fly out, F7 (Flyball, 78D)
|
Top of the 9th over - 0 runs, 0 hits, 0 errors, 0 left on base; Billings 2 - Ottawa 5 |
|